 Dungeon Crawl Stone Soup version 0.32-a0-871-ge202e49faa (webtiles) character file.

Game seed: 9287643782650643466

100 Frost42 the Covered (level 4, -4/40 HPs)
             Began as a Mountain Dwarf Fighter on Mar 29, 2024.
             Slain by a gnoll
             ... wielding a +0 spear
              (5 damage)
             ... on level 3 of the Dungeon.
             The game lasted 00:09:05 (2680 turns).

Frost42 the Covered (Mountain Dwarf Fighter)        Turns: 2680, Time: 00:09:06

Health: -4/40      AC:  5    Str: 25    XL:     4   Next: 47%
Magic:  4/4        EV:  4    Int:  9    God:
Gold:   117        SH:  0    Dex:  9    Spells: 3/3 levels left

rFire   . . .        a - +0 war axe
rCold   . . .        c - +0 buckler
rNeg    . . .        o - +2 leather armour of the Bulwark {Str+5 SInv}
rPois   .            (no helmet)
rElec   .            (no cloak)
rCorr   .            (no gloves)
SInv    +            (no boots)
Will    .....        (no amulet)
Stlth   +            (no ring)
HPRegen 0.26/turn    (no ring)
MPRegen 0.09/turn

%: no passive effects
@: held
A: runic magic, artefact enchanting
a: no special abilities


You were on level 3 of the Dungeon.
You visited 1 branch of the dungeon, and saw 3 of its levels.

You collected 117 gold pieces.

Inventory:

Hand Weapons
 a - a +0 war axe (weapon)
 e - a +1 short sword of draining
Missiles
 f - 20 stones
 h - 9 poisoned darts
 k - 8 boomerangs (quivered)
 s - a throwing net
Armour
 c - a +0 buckler (worn)
 o - the +2 leather armour of the Bulwark (worn) {Str+5 SInv}
   (You found it on level 2 of the Dungeon)

   Str+5:     It affects your strength (+5).
   SInv:      It lets you see invisible.
 q - a +0 chain mail
Magical Staves
 j - a staff of cold
Talismans
 r - a blade talisman
Scrolls
 b - 2 scrolls of identify
 i - a scroll of blinking
 m - a scroll of enchant weapon {unknown}
 p - a scroll of teleportation {unknown}
Potions
 d - 3 potions of might
 g - 3 potions of curing
 l - 3 potions of haste {unknown}
 n - a potion of mutation {unknown}


   Skills:
 * Level 3.9 Fighting
 + Level 3.4 Axes
 * Level 4.4 Armour
 + Level 0.2 Dodging
 + Level 3.7 Shields


You had 3 spell levels left.
You didn't know any spells.
Your spell library was empty.

Dungeon Overview and Level Annotations

Branches:
Dungeon (3/15)

Altars:


Innate Abilities, Weirdness & Mutations

Your spellcasting is much less encumbered by armour.
You can use scrolls of enchantment on lesser artefacts.


Message History

The gnoll shouts!
You see here a throwing net.
s - a throwing net You block the gnoll's attack. x2
You hit the gnoll.
The gnoll is moderately wounded.
You closely miss the gnoll. The gnoll hits you with a +0 flail.
The gnoll hits you with a +0 club.
An endoplasm comes into view.
The endoplasm quivers.
You hit the gnoll but do no damage.
The gnoll is moderately wounded.
You hit the gnoll. You block the gnoll's attack. The gnoll barely misses you.
The gnoll hits you but does no damage. You block the gnoll's attack.
You hit the gnoll.
The gnoll is almost dead.
You closely miss the gnoll. You block the gnoll's attack.
The gnoll hits you with a +0 club.
The gnoll hits you from afar with a +0 spear.
You slash the gnoll!
You kill the gnoll!
You barely miss the gnoll. The gnoll hits you but does no damage.
You closely miss the gnoll.
The gnoll is moderately wounded.
The gnoll hits you with a +0 flail.
The gnoll hits you from afar with a +0 spear.
The gnoll hits you with a +0 flail!
The gnoll throws a throwing net.
The throwing net hits you.
You become entangled in the net!
You struggle against the net.
The gnoll hits you with a +0 flail!
* * * LOW HITPOINT WARNING * * *
The gnoll hits you but does no damage.
You struggle against the net.
The gnoll hits you with a +0 flail.
* * * LOW HITPOINT WARNING * * *
The gnoll barely misses you. The endoplasm barely misses you.
You struggle against the net.
The gnoll barely misses you. The endoplasm freezes you.
You are frozen.
* * * LOW HITPOINT WARNING * * *
The gnoll hits you from afar with a +0 spear.
You die...

##..........#....>...##..#....
.######.#...##..#.##.#..
#.##..##..........# .
#.##..##........ .##.
..##...w....## ....
###..........####..##
#...#.g>.#.#...#.....
#.###J..##.###.#..#
###.##@g..##.###....#
.##.........##.##.....#
.......##...†#.#......#
..#..## #..#.#.....#.##
#...#####..#......##.###.
#####..#.....#.......##....#
#..<.....###...#.....#....##
#.##...#####)###.......####
#..†.)####............##


You could see a ribbon worm, 2 gnolls and an endoplasm.

Vanquished Creatures
  A gnoll (D:3)
  3 adders
  A ribbon worm (D:2)
  4 dart slugs
  An orc (D:3)
  2 ball pythons
  A bat (D:2)
  8 endoplasms
  2 giant cockroaches
  6 goblins (D:1)
  3 hobgoblins
  9 kobolds
  3 quokkas
  A frilled lizard (D:2)
  3 rats
48 creatures vanquished.

Notes
Turn   | Place    | Note
-------+----------+-------------------------------------------
     0 | D:1      | Frost42 the Mountain Dwarf Fighter began the quest for the
                  | Orb.
     0 | D:1      | Reached XP level 1. HP: 19/19 MP: 1/1
   160 | D:1      | Reached XP level 2. HP: 12/26 MP: 2/2
   275 | D:1      | Found a faded altar of an unknown god.
   460 | D:1      | Reached skill level 4 in Armour
   549 | D:1      | Reached XP level 3. HP: 26/31 MP: 3/3
  1951 | D:2      | Reached XP level 4. HP: 35/40 MP: 4/4
  1982 | D:2      | Identified the +2 leather armour of the Bulwark {Str+5
                  | SInv}
  2680 | D:3      | HP: 1/40 [frozen (4)]
  2680 | D:3      | Slain by a gnoll

Illustrated notes

Levels and vault maps discovered:
D:1:      evilmike_arrival_fibonacci_small, layout_loops_corners,
          hellmonk_ecumenical_altar_inner_sanctum, hex_tiny
D:2:      layout_basic
D:3:      layout_rooms, ebering_ghost_reflecting_pool,
          nicolae_figureground_sparkle

Skill      XL: |  1  2  3 |
---------------+----------+-----
Armour         | 4 |  4.4
Axes           | 3 |  3.4
Fighting       | |  3.9
Dodging        | |  0.2
Shields        | |  3.7

Action                     |  1- 3 |  4- 6 || total
---------------------------+-------+-------++-------
  Melee: War axe           |    94 |    55 ||   149
         Short sword       |     9 |       ||     9
  Throw: Boomerang         |       |     5 ||     5
    Use: Scroll            |     2 |       ||     2
 Armour: Scale mail        |    76 |       ||    76
         Leather armour    |       |    48 ||    48
  Dodge: Dodged            |    39 |    35 ||    74
  Block: Buckler           |    24 |    15 ||    39

Table legend: (Time is in decaauts)
 A = Elapsed time spent in this place.
 B = Non-inter-level travel time spent in this place.
 C = Inter-level travel time spent in this place.
 D = Time resting spent in this place.
 E = Time spent auto-exploring this place.
 F = Levels seen in this place.
 G = Mean time per level.
                   A        B        C        D        E       F      G
               +--------+--------+--------+--------+--------+-----+--------+
         Total |   2738 |   2453 |    285 |    472 |    746 |   3 |  912.7 |
       Dungeon |   2738 |   2453 |    285 |    472 |    746 |   3 |  912.7 |
               +--------+--------+--------+--------+--------+-----+--------+

Top non-repeatable levels by time:
     D:1: 1315 daAuts
     D:2: 1152 daAuts
     D:3: 270 daAuts
